 Dungeon Crawl Stone Soup version 0.29-a0-819-g94b489e0ae (webtiles) character file.

Game seed: 15500011841898703294

6395 Garessta the Transmogrifier (level 10, -14/47 HPs)
             Began as a Felid Transmuter on July 6, 2022.
             Was an Initiate of Gozag.
             Demolished by a large slime creature (42 damage)
             ... on level 12 of the Dungeon.
             The game lasted 01:02:58 (12061 turns).

Garessta the Transmogrifier (Felid Transmuter)     Turns: 12061, Time: 01:02:58

Health: -14/47     AC:  2    Str: 12    XL:     10   Next: 66%
Magic:  19/20      EV: 31    Int: 15    God:    Gozag
Gold:   971        SH:  0    Dex: 26    Spells: 4/21 levels left
                                        Lives:  0   Deaths: 2

rFire   . . .      SeeInvis +     - Unarmed
rCold   . . .      Faith    .   (shield unavailable)
rNeg    . . .      Spirit   .   (body armour unavailable)
rPois   x          Reflect  .   (helmet unavailable)
rElec   .          Harm     .   (cloak unavailable)
rCorr   .          Rampage  .   (gloves unavailable)
Will    ++...                   (boots unavailable)
Stlth   ++........              j - amulet of regeneration
HPRegen 0.95/turn               J - ring of willpower
MPRegen 0.17/turn               G - +6 ring of strength

@: spider-form
A: venomous fangs, tiny, (claws 1), (fangs 3), see invisible, (speed 1), (shaggy
fur 2), (stealthy paws), no weapons or thrown items, no armour, multi-lived
a: End Transformation, Renounce Religion, Potion Petition, Call Merchant, Bribe
Branch


You were on level 12 of the Dungeon.
You worshipped Gozag.
Gozag was pleased with you.
You were a venomous arachnid creature.
You visited 2 branches of the dungeon, and saw 13 of its levels.
You also visited: Bailey.

You collected 2613 gold pieces.
You spent 1222 gold pieces at shops.
You paid 420 gold pieces to Gozag.

Inventory:

Jewellery
 h - an amulet of magic regeneration
 j - an amulet of regeneration (around neck)
 l - a ring of protection from cold
 z - a ring of poison resistance
 G - a +6 ring of strength (right front leg)
 I - an amulet of reflection
 J - a ring of willpower (left front leg)
Wands
 n - a wand of roots (6)
 K - a wand of digging (12)
Scrolls
 b - 5 scrolls of enchant weapon
 c - 5 scrolls of magic mapping
 d - 4 scrolls of teleportation
 f - 3 scrolls of amnesia
 i - 3 scrolls of blinking {unknown}
 m - 4 scrolls of noise {unknown}
 o - 2 scrolls of identify
 p - 5 scrolls of fear
 r - a scroll of torment {unknown}
 t - 2 scrolls of immolation
 w - a scroll of brand weapon {unknown}
 y - a scroll of fog {unknown}
 C - 2 scrolls of enchant armour {unknown}
 E - 2 scrolls of poison {unknown}
 F - a scroll of summoning {unknown}
 H - a scroll of silence {unknown}
Potions
 a - a potion of lignification
 e - 2 potions of mutation
 g - 6 potions of curing
 k - a potion of might
 q - a potion of cancellation
 s - a potion of magic {unknown}
 u - 4 potions of flight
 v - 3 potions of attraction
 x - 3 potions of haste
 A - a potion of resistance {unknown}
 B - a potion of ambrosia {unknown}


   Skills:
 + Level 7.1 Fighting
 + Level 9.3 Dodging
 + Level 0.2 Stealth
 * Level 10.5 Unarmed Combat
 + Level 6.4 Spellcasting
 * Level 11.0 Transmutations
 - Level 3.9 Ice Magic
 * Level 6.5 Air Magic
 - Level 1.3 Poison Magic


You had 4 spell levels left.
You knew the following spells:

 Your Spells              Type           Power      Damage    Failure   Level
a - Beastly Appendage     Tmut           74%        N/A       1%          1
b - Wereblood             Tmut           37%        N/A       2%          2
c - Spider Form           Tmut/Pois      23%        N/A       11%         3
d - Ice Form              Ice/Tmut       27%        N/A       17%         4
e - Storm Form            Tmut/Air       15%        N/A       99%         7

Your spell library contained the following spells:

 Spells                   Type           Power      Damage    Failure   Level
 Passwall                 Tmut/Erth      17%        N/A       9%          2
 Swiftness                Air            24%        N/A       11%         3
 Ensorcelled Hibernation  Hex/Ice        20%        N/A       24%         2
 Summon Lightning Spire   Summ/Air       14%        N/A       58%         4
 Anguish                  Hex/Necr       2%         N/A       92%         4
 Blade Hands              Tmut           18%        N/A       13%         5
 Irradiate                Conj/Tmut      10%        3d16      61%         5
 Dragon Form              Tmut           18%        N/A       91%         7
 Fireball                 Conj/Fire      2%         3d4       99%         5
 Starburst                Conj/Fire      2%         6d3       100%        6
 Ignition                 Fire           2%         3d3       100%        8
 Maxwell's Capacitive Co  Air            12%        ∞         100%        8


Dungeon Overview and Level Annotations

Branches:
Dungeon (12/15)            Temple (1/1) D:4            Lair (0/6) D:11
    Orc (0/2) D:9          Bailey (visited)

Altars:
Ashenzari
Cheibriados
Dithmenos
Elyvilon
Fedhas
Gozag
Hepliaklqana
Kikubaaqudgha
Makhleb
Nemelex Xobeh
Okawaru
Qazlal
Ru
Sif Muna
Trog
Uskayaw
Vehumet
Wu Jian
Xom
Yredelemnul
Zin
The Shining One

Shops:
D:5 ?   D:9 =   D:10 *

Annotations:
D:2 digging vault
D:11 1 runed translucent door, Josephine; gabibbone's ghost, journeyman OpFi


Innate Abilities, Weirdness & Mutations

You are a venomous arachnid creature.
You have poisonous fangs.
You are tiny and dextrous.
Your spellcasting is less reliable in this form.
((You have sharp claws.))
((You have razor-sharp teeth.))
You have supernaturally acute eyesight. (SInv)
((You cover ground quickly. (Speed+)))
((You are covered in thick fur. (AC +2)))
((Your paws help you pounce on unaware monsters.))
You are incapable of wielding weapons or throwing items.
You cannot wear armour.
You gain extra lives every three experience levels.


Message History

The large slime creature closely misses you.
You bite the large slime creature!
The large slime creature looks as sick as possible!
The large slime creature is moderately wounded.
The large slime creature attacks as you move away!
The large slime creature completely misses you.
You hit the large slime creature.
The large slime creature is moderately wounded.
The large slime creature completely misses you.
You hit the large slime creature.
The large slime creature is moderately wounded.
A large slime creature splits.
You bite the slime creature!
The slime creature is heavily wounded.
The slime creature hits you!
Two slime creatures merge to form a large slime creature.
There is a stone staircase leading up here.
Casting: Spider Form (dangerous; 11% risk of failure)
Confirm with . or Enter, or press ? or * to list all spells.
You extend your transformation's duration.
Two slime creatures merge to form a large slime creature.
You hit the large slime creature.
The large slime creature is heavily wounded.
You bite the large slime creature!
The large slime creature looks as sick as possible!
The large slime creature is heavily wounded.
The large slime creature closely misses you.
The large slime creature attacks as you move away!
The large slime creature closely misses you.
The large slime creature attacks as you move away!
The large slime creature misses you.
The large slime creature attacks as you move away!
The large slime creature hits you!!
The large slime creature attacks as you move away!
The large slime creature completely misses you.
The large slime creature attacks as you move away!
The large slime creature hits you!!!
Ouch! That really hurt!
You die...
Your body crumbles into a pile of gold.

#...............#
.....>.........##
#..>..........####
####..##.........######
#....####..####......#
##.##.# #...###......#
...##.# ##.J.##......#
...##.# #.#.##J....>#
....#.#####..<##s.....#
###......###..##......#
..####....##..##......#
...C.###..##..........#
#.##..............#####
#.#######.##.....##
#.### #..#.....##
#...#####(........#
###...............#


You could see a large slime creature (very poisoned).

Vanquished Creatures
  A boulder beetle (D:11)
  Nergalle (D:11)
  An orc knight (Bailey)
  3 cyclopes
  Joseph (D:10)
  2 gargoyles
  A komodo dragon (D:11)
  4 trolls
  2 polar bears (D:8)
  A hornet (D:8)
  Grinder (D:5)
  A slime creature (D:12)
  A wyvern (D:10)
  A vampire (D:9)
  6 wraiths
  Eustachio (D:6)
  A basilisk (D:10)
  36 yaks
  Grum (D:11)
  An acid dragon (D:11)
  A water moccasin (D:9)
  3 black bears
  15 orc warriors
  An ice beast (D:6)
  A sky beast (D:6)
  An ogre (D:5)
  4 wolves (D:11)
  2 centaurs
  3 kobold brigands
  5 bullfrogs
  A necrophage (D:7)
  3 scorpions
  5 wights
  A hornet simulacrum (D:8)
  3 killer bees (D:7)
  6 howler monkeys
  An electric eel (D:8)
  2 hounds
  2 gnoll boudas
  A jelly (D:5)
  7 orc priests
  19 orc wizards
  3 iguanas (D:6)
  9 gnolls
  5 adders
  3 white imps
  2 howler monkey simulacra (D:8)
  2 ufetubi
  3 worms
  2 dart slugs
  53 orcs
  7 endoplasms
  2 giant cockroaches
  3 goblins
  2 hobgoblins
  5 jackals
  12 kobolds
  3 quokkas
  5 ball pythons
  6 bats
  4 frilled lizards
  5 rats
290 creatures vanquished.

Vanquished Creatures (others)
  A fungus (D:11)
  2 plants (D:11)
3 creatures vanquished.

Grand Total: 293 creatures vanquished

Notes
Turn   | Place    | Note
-------+----------+-------------------------------------------
     0 | D:1      | Garessta the Felid Transmuter began the quest for the Orb.
     0 | D:1      | Reached XP level 1. HP: 9/9 MP: 4/4
    66 | D:1      | You fall into a shaft and drop 1 floor!
    84 | D:2      | Reached XP level 2. HP: 10/13 MP: 4/6
    92 | D:2      | Learned a level 2 spell: Wereblood
   953 | D:2      | Reached XP level 3. HP: 13/16 MP: 4/7
  1017 | D:2      | Learned a level 3 spell: Spider Form
  1163 | D:2      | Found a faded altar of an unknown god.
  1397 | D:2      | Reached skill level 1 in Poison Magic
  1659 | D:3      | Reached XP level 4. HP: 16/19 MP: 3/8
  1919 | D:3      | Reached skill level 3 in Transmutations
  2112 | D:4      | Found a staircase to the Ecumenical Temple.
  2120 | Temple   | Entered the Ecumenical Temple
  2299 | Temple   | Became a worshipper of Gozag Ym Sagoz the Greedy
  2585 | D:4      | Reached XP level 5. HP: 13/23 MP: 3/9
  2857 | D:4      | Reached skill level 1 in Ice Magic
  3578 | D:5      | Entered Level 5 of the Dungeon
  3619 | D:5      | Noticed Grinder
  3797 | D:5      | Gained mutation: You are covered in thick fur. (AC +2)
                  | [Felid growth]
  3797 | D:5      | Reached XP level 6. HP: 21/27 MP: 5/10
  3858 | D:5      | Found Natos's Magic Scroll Boutique.
  3869 | D:5      | Bought a scroll of amnesia for 49 gold pieces
  3869 | D:5      | Bought a scroll of immolation for 49 gold pieces
  3869 | D:5      | Bought a scroll of identify for 28 gold pieces
  3869 | D:5      | Bought a scroll of identify for 28 gold pieces
  3869 | D:5      | Bought a scroll of teleportation for 42 gold pieces
  3869 | D:5      | Bought a scroll of fear for 49 gold pieces
  3869 | D:5      | Bought a scroll of teleportation for 42 gold pieces
  3921 | D:5      | Reached skill level 4 in Transmutations
  4001 | D:5      | Learned a level 4 spell: Ice Form
  4208 | D:6      | Reached XP level 7. HP: 31/31 MP: 7/12
  4355 | D:6      | Reached skill level 5 in Unarmed Combat
  4529 | D:6      | Reached skill level 5 in Transmutations
  4645 | D:6      | Reached XP level 8. HP: 31/35 MP: 7/13
  4998 | D:5      | Killed Grinder
  4999 | D:5      | Reached skill level 5 in Dodging
  5106 | D:6      | Noticed Eustachio
  5122 | D:6      | Killed Eustachio
  5123 | D:6      | Reached skill level 6 in Transmutations
  5535 | D:7      | Found a flagged portal.
  5561 | Bailey   | Entered a bailey
  5701 | Bailey   | Reached XP level 9. HP: 24/39 MP: 10/15
  5921 | Bailey   | Reached skill level 7 in Transmutations
  6003 | Bailey   | Noticed an orc knight
  6025 | Bailey   | Killed an orc knight
  6354 | D:7      | Reached skill level 5 in Fighting
  6449 | D:7      | Found a radiant altar of Vehumet.
  6472 | D:7      | Reached skill level 1 in Air Magic
  6646 | D:7      | Reached skill level 8 in Transmutations
  7232 | D:8      | Reached XP level 10. HP: 39/44 MP: 16/18
  7917 | D:7      | Reached skill level 5 in Spellcasting
  8252 | D:9      | Found Puurr's Jewellery Shop.
  8497 | D:9      | Reached skill level 9 in Transmutations
  8820 | D:9      | Noticed a cyclops
  8841 | D:9      | Killed a cyclops
  8918 | D:9      | Learned a level 7 spell: Storm Form
  9044 | D:9      | Found a staircase to the Orcish Mines.
  9070 | D:9      | Reached XP level 11. HP: 23/48 MP: 13/20
  9427 | D:10     | Entered Level 10 of the Dungeon
  9777 | D:9      | Bought a ring of willpower for 375 gold pieces
  9814 | D:10     | Reached skill level 5 in Air Magic
  9840 | D:10     | Noticed Joseph
  9862 | D:10     | Killed Joseph
  9863 | D:10     | Reached skill level 10 in Transmutations
  9920 | D:10     | Found an ancient bone altar of Kikubaaqudgha.
  9955 | D:10     | Found Mej Ipry's Changing Room.
  9973 | D:10     | Bought a book of Transfigurations for 560 gold pieces
 10057 | D:10     | Found a burning altar of Makhleb.
 10060 | D:10     | Noticed an Executioner
 10063 | D:10     | Found a glowing silver altar of Zin.
 10063 | D:10     | Noticed an angel
 10317 | D:11     | Found a staircase to the Lair.
 10437 | D:11     | Noticed Grum
 10461 | D:11     | Killed Grum
 10510 | D:11     | Hit by a large rock thrown by a cyclops
 10511 | D:11     | Reached XP level 10. HP: -4/55 MP: 20/20
 10515 | D:11     | Noticed Nergalle
 10656 | D:10     | Reached skill level 10 in Unarmed Combat
 10706 | D:11     | Noticed a boulder beetle
 10717 | D:10     | Killed a cyclops
 10841 | D:11     | Killed Nergalle
 10842 | D:11     | Reached XP level 11. HP: 49/49 MP: 19/21
 10878 | D:11     | Found a runed translucent door.
 10880 | D:11     | Noticed gabibbone's ghost (journeyman OpFi)
 10881 | D:11     | Noticed a stone giant
 10891 | D:11     | Noticed Josephine
 11260 | D:11     | Killed a boulder beetle
 11364 | D:11     | Killed from afar by Josephine
 11365 | D:11     | Reached XP level 10. HP: -5/54 MP: 20/20
 11701 | D:12     | Noticed a cyclops
 11737 | D:12     | Killed a cyclops
 11910 | D:12     | Reached skill level 11 in Transmutations
 12061 | D:12     | Demolished by a large slime creature

Illustrated notes

Levels and vault maps discovered:
D:1:      psy_arrival_fountain, layout_basic
D:2:      layout_rooms, ebering_ecumenical_altar_ruins, serial_bayou_pond_c,
          due_unseen_surprise
D:3:      layout_basic
D:4:      layout_gridville, minmay_temple_entry_trees
D:5:      layout_basic, serial_shops, shop_scrolls, nicolae_elevator_lobby_plus,
          uniq_grinder
D:6:      layout_loops_ring, minmay_misc_feat_roman, uniq_eustachio
D:7:      layout_basic, old_standard_altar, enter_bailey_1
D:8:      layout_loops_cross, serial_ice, serial_ice_l, serial_ice_h,
          serial_ice_b, serial_ice_m
D:9:      layout_basic, hiddenorc1_lemuel, serial_shops,
          nicolae_take_the_stairs, kennysheep_crisscross, lemuel_flamethrower_2
D:10:     layout_roguey, mainiacjoe_overflow_brackets,
          grunt_temple_overflow_order_and_chaos_2, st_stairs_10,
          nicolae_transmutations_shop, uniq_joseph
D:11:     layout_layer_cave, david_lair_generic, ebering_ghost_inner_flame,
          hangedman_decor_points, uniq_nergalle, uniq_josephine, uniq_grum
D:12:     layout_rooms, minivault_24, uniq_psyche
Temple:   regret_index_temple_mists

Skill      XL: |  1  2  3  4  5  6  7  8  9 10 11 |
---------------+----------------------------------+-----
Fighting       | 2 3 4 5 6 7 |  7.1
Poison Magic   | 1 |  1.3
Transmutations | 3 4 5 6 8 11 10 | 11.0
Dodging        | 3 4 5 6 9 |  9.3
Unarmed Combat | 4 5 6 7 10 | 10.5
Ice Magic      | 1 2 3 |  3.9
Spellcasting   | 3 4 5 6 |  6.4
Air Magic      | 1 4 6 |  6.5
Stealth        | |  0.2

Action                   |  1- 3 |  4- 6 |  7- 9 | 10-12 || total
-------------------------+-------+-------+-------+-------++-------
Melee: Unarmed           |    80 |   130 |   270 |   517 ||   997
       Headbutt          |    21 |     9 |     6 |       ||    36
       Punch             |     2 |     2 |       |     1 ||     5
       Bite              |     1 |     7 |     4 |       ||    12
 Cast: Beastly Appendage |    33 |    19 |     5 |     2 ||    59
       Wereblood         |     2 |     4 |     9 |    12 ||    27
       Spider Form       |       |    19 |    13 |     6 ||    38
       Ice Form          |       |       |    17 |    55 ||    72
Invok: Potion Petition   |       |       |       |     1 ||     1
 Abil: End Transformatio |       |       |     1 |     4 ||     5
Evoke: Wand              |       |     1 |    15 |     3 ||    19
  Use: Scroll            |       |     6 |     4 |     3 ||    13
       Potion            |       |       |     3 |     7 ||    10
 Stab: Sleeping          |       |     1 |     2 |       ||     3
       Distracted        |       |       |       |     4 ||     4
Armor: Skin              |     7 |     3 |    36 |    90 ||   136
Dodge: Dodged            |    59 |    85 |   206 |   277 ||   627
Block: Other             |       |       |       |     1 ||     1

Table legend: (Time is in decaauts)
 A = Elapsed time spent in this place.
 B = Non-inter-level travel time spent in this place.
 C = Inter-level travel time spent in this place.
 D = Time resting spent in this place.
 E = Time spent auto-exploring this place.
 F = Levels seen in this place.
 G = Mean time per level.
                   A        B        C        D        E       F      G
               +--------+--------+--------+--------+--------+-----+--------+
         Total |  10874 |  10307 |    567 |    506 |   6305 |  14 |  776.7 |
       Dungeon |  10067 |   9550 |    517 |    434 |   5907 |  12 |  838.9 |
        Temple |    219 |    169 |     50 |      0 |    136 |   1 |  219.0 |
        Bailey |    587 |    587 |      0 |     72 |    261 |   1 |  587.0 |
               +--------+--------+--------+--------+--------+-----+--------+

Top non-repeatable levels by time:
     D:9: 1276 daAuts
     D:7: 1191 daAuts
     D:4: 1164 daAuts
    D:10: 945 daAuts
    D:11: 917 daAuts
     D:6: 838 daAuts
     D:5: 765 daAuts
     D:8: 711 daAuts
     D:1: 696 daAuts
     D:2: 653 daAuts
  Bailey: 587 daAuts
     D:3: 489 daAuts
    D:12: 418 daAuts
  Temple: 219 daAuts
